 Dungeon Crawl Stone Soup version 0.31-a0-845-g9abc20d24f (webtiles) character file.

Game seed: 325145334013950754

36 Ethylacetat the Changeling (level 3, -2/23 HPs)
             Began as an Octopode Shapeshifter on Oct 2, 2023.
             Slain by Robin
             ... wielding a +0 trident
              (7 damage)
             ... on level 2 of the Dungeon.
             The game lasted 00:00:59 (849 turns).

Ethylacetat the Changeling (Octopode Shapeshifter)   Turns: 849, Time: 00:01:00

Health: -2/23      AC:  1    Str: 13    XL:     3   Next: 37%
Magic:  3/3        EV: 13    Int: 12    God:
Gold:   94         SH:  6    Dex: 13    Spells: 2/2 levels left

rFire   . .          .
                       - Unarmed
rCold   . . .        f - +2 buckler
rNeg    . . .        (helmet currently unavailable)
rPois   .            (no amulet)
rElec   .            (no ring)
rCorr   .            (no ring)
SInv    .            (no ring)
Will    .....        (no ring)
Stlth   ++           (no ring)
HPRegen 0.23/turn    (no ring)
MPRegen 0.08/turn    (no ring)
                     (no ring)

%: no passive effects
@: beast-form
A: beast (slay +2), almost no armour, amphibious, 8 rings, camouflage 1,
gelatinous body 1, (nimble swimmer 1), tentacles
a: Begin Untransformation


You were on level 2 of the Dungeon.
You were a hulking beast.
You visited 1 branch of the dungeon, and saw 2 of its levels.

You collected 94 gold pieces.

Inventory:

Armour
 f - a +2 buckler (worn)
Talismans
 b - a beast talisman (active)
 c - a flux talisman
Scrolls
 d - 2 scrolls of identify {unknown}
 e - a scroll of blinking {unknown}
 h - a scroll of poison {unknown}
 i - a scroll of enchant armour {unknown}
Potions
 a - a potion of lignification
 g - a potion of curing {unknown}


   Skills:
 + Level 1.6 Fighting
 + Level 2.3 Dodging
 + Level 3.2 Unarmed Combat
 * Level 3.5 Shapeshifting


You had 2 spell levels left.
You didn't know any spells.
Your spell library was empty.

Dungeon Overview and Level Annotations

Branches:
Dungeon (2/15)

Altars:

Annotations:
D:2 Robin


Innate Abilities, Weirdness & Mutations

You are a hulking beast.
Your limbs bulge with bestial killing power. (Slay +2)
You cannot wear most types of armour.
You are amphibious.
You can wear up to eight rings at the same time.
Your skin changes colour to match your surroundings (Stealth+).
Your rubbery body absorbs attacks. (AC +1, EV +1)
((You are camouflaged when in or above water. (Stealth+)))
You have tentacles for arms and can constrict up to eight enemies at once.


Message History

The goblin wields a +0 dagger.
The goblin hits you with a +0 dagger.
You tentacle-slap the goblin. You grab the goblin.
The goblin is severely wounded.
You constrict the goblin.
You kill the goblin!
Robin throws the goblin at you! The goblin attacks as it pursues you!
The goblin misses you.
You tentacle-slap the goblin. You grab the goblin.
The goblin is severely wounded.
You constrict the goblin.
You kill the goblin!
You tentacle-slap the hobgoblin. You grab the hobgoblin.
Your squeeze misses the hobgoblin.
The hobgoblin is severely wounded.
You constrict the hobgoblin. You block the hobgoblin's attack.
You completely miss the hobgoblin.
You squeeze the hobgoblin, but do no damage.
The hobgoblin is almost dead.
You constrict the hobgoblin, but do no damage.
The hobgoblin hits you but does no damage.
The hobgoblin escapes!
You closely miss the hobgoblin. You grab the hobgoblin.
The hobgoblin is almost dead.
You constrict the hobgoblin, but do no damage.
The hobgoblin barely misses you.
You tentacle-slap the hobgoblin but do no damage.
The hobgoblin is almost dead.
You constrict the hobgoblin.
You kill the hobgoblin!
The goblin hits you with a +0 dagger.
* * * LOW HITPOINT WARNING * * *
You closely miss the goblin. Your grab misses the goblin.
Your squeeze misses the goblin. You tentacle-slap the goblin.
You grab the goblin.
The goblin is severely wounded.
You constrict the goblin.
You kill the goblin!
Robin hits you from afar with a +0 trident!
You die...
Robin says, "And that's why I'm the boss."

##.....## #.)...#
###...### #.....#
#.......####...>.#
#.##.......#.....#
#. #..#.##.#....^#
# #....##.#######
##.#.##.#
#.###.#.##.# ####
#.......h..# #.g
#######)##### #.#
#g.g.g###)###.#.#
#####)))gg......#
#####.###.### #.#
#.. ####


You could see Robin.

Vanquished Creatures
  An adder (D:2)
  2 ball pythons (D:1)
  2 bats
  An endoplasm (D:1)
  A giant cockroach (D:1)
  9 goblins (D:2)
  4 hobgoblins (D:2)
  A quokka (D:1)
  A kobold (D:1)
  A rat (D:1)
23 creatures vanquished.

Notes
Turn   | Place    | Note
-------+----------+-------------------------------------------
     0 | D:1      | Ethylacetat the Octopode Shapeshifter began the quest for
                  | the Orb.
     0 | D:1      | Reached XP level 1. HP: 13/13 MP: 1/1
   498 | D:1      | Reached XP level 2. HP: 15/18 MP: 2/2
   822 | D:2      | Noticed Robin
   827 | D:2      | Reached XP level 3. HP: 17/23 MP: 3/3
   849 | D:2      | Slain by Robin

Illustrated notes

Levels and vault maps discovered:
D:1:      roderic_dead_forest, layout_basic
D:2:      layout_loops_cross, minmay_octomino_c4, uniq_robin, uniq_terence,
          uniq_natasha

Action                     || total
---------------------------++-------
  Melee: Unarmed           ||    42
         Constrict         ||    13
         Tentacles         ||     3
   Stab: Sleeping          ||     4
 Armour: Skin              ||    18
  Dodge: Dodged            ||    19
  Block: Buckler           ||     9

Table legend: (Time is in decaauts)
 A = Elapsed time spent in this place.
 B = Non-inter-level travel time spent in this place.
 C = Inter-level travel time spent in this place.
 D = Time resting spent in this place.
 E = Time spent auto-exploring this place.
 F = Levels seen in this place.
 G = Mean time per level.
                   A        B        C        D        E       F      G
               +--------+--------+--------+--------+--------+-----+--------+
         Total |    848 |    812 |     36 |      0 |    681 |   2 |  424.0 |
       Dungeon |    848 |    812 |     36 |      0 |    681 |   2 |  424.0 |
               +--------+--------+--------+--------+--------+-----+--------+

Top non-repeatable levels by time:
     D:1: 748 daAuts
     D:2: 99 daAuts
